Unix xNetHack Version 8.0.0 - last build Oct 24 2023 22:40:03 (377cadcb0cddd23835977b77f88704ab461fff9e). Game began 2023-10-25 12:11:40, ended 2023-10-26 11:00:25. breadmaster, lawful female human Priestess -- ------------ ## -. |..........h## |......<...|)## |.....(.u..|# |@d........| ------------ Breadmaster the Acolyte St:11 Dx:11 Co:14 In:18 Wi:14 Ch:8 Lawful S:991 Dlvl:6 $:113 HP:0(39) Pw:49(49) AC:7 Xp:4/157 T:1661 Burdened Latest messages: This door is locked. In what direction? 8 Whammm!! In what direction? 8 Whammm!! This door is locked. In what direction? 8 You kick the door. The door crashes open! You see here 6 gold pieces. $ - 6 gold pieces {0} (113 in total). The door opens. A bucket of water splashes down on you! Your bubbly potion dilutes. You swap places with your little dog. You swap places with your little dog. You hear bubbling water. You swap places with your little dog. You stop. Your little dog is in the way! You descend the stairs. The werejackal bites! You avoid harm. The little dog misses the werejackal. You begin bashing monsters with your silver thonged club. You miss the werejackal. The little dog misses the werejackal. The werejackal bites! The little dog misses the werejackal. You miss the werejackal. The little dog misses the werejackal. The werejackal bites! Your silver thonged club sears the werejackal's flesh! You kill the werejackal! You have a little trouble lifting a skull cap. Continue? [ynq] (q) n You swap places with your little dog. You have a little trouble lifting a skull cap. Continue? [ynq] (q) y You have a little trouble lifting J - a skull cap {30}. Your movements are slowed slightly because of your load. A crossbow bolt misses you. You are hit by a crossbow bolt. The little dog bites the white unicorn. The white unicorn butts the little dog. The white unicorn knocks your little dog back with a forceful strike! The white unicorn kicks the little dog. The little dog bites! The little dog bites! The little dog bites! The little dog bites! You die... Do you want your possessions identified? [ynq] (y) q Inventory: Inventory: 683/675 weight (36/52 slots) Coins $ - 113 gold pieces {1} Weapons n - a +0 dagger {10} H - a +0 orcish dagger (at the ready) {10} C - a +0 bone orcish dagger {3} t - a blessed +0 silver aklys (tethered weapon in hand) {16} a - a blessed corroded +1 mace {30} Armor x - a +0 orcish helm {30} D - a +0 orcish helm {30} J - a +0 orcish helm {30} c - a +0 small shield (being worn) {23} b - a +0 robe (being worn) {12} Comestibles e - a clove of garlic {1} w - 3 food rations {60} I - a melon {5} f - a sprig of wolfsbane {1} p - a tripe ration {10} k - 2 lichen corpses {40} Scrolls q - a scroll of earth {5} A - a scroll of enchant armor {5} r - a scroll of light {5} Spellbooks g - a spellbook of healing {35} h - a spellbook of light {35} B - a spellbook of slow monster {35} Potions o - a potion of extra healing {20} l - a cursed potion of full healing {20} i - a potion of gain ability {20} j - a cursed diluted potion of gain ability {20} E - a potion of healing {20} m - a potion of object detection {20} y - a cursed potion of sickness {20} d - 4 potions of holy water {80} Rings G - a +1 ring of gain strength {3} Wands z - a wand of create monster (0:15) {7} Tools v - an empty sack {15} Gems/Stones F - an opal {1} s - 3 worthless pieces of black glass {3} u - 2 worthless pieces of violet glass {2} Breadmaster the Priestess's attributes: Background: You were an Acolyte, a level 4 human Priestess. You were lawful, on a mission for Amaterasu Omikami who was opposed by Raijin (neutral) and Susanowo (chaotic). You were heterosexual. You were in the Dungeons of Doom, on level 6. You entered the dungeon 1661 turns ago. You had 157 experience points, 3 more were needed to attain level 5. Your score was 991 before end-of-game adjustments. Basics: You had 0 out of 39 hit points. You had all 49 energy points (spell power). Your armor class was 7. Your wallet contained 113 zorkmids. Autopickup was off. Final Characteristics: Your strength was 11 (limit:18/100). Your dexterity was 11 (limit:18). Your constitution was 14 (limit:18). Your intelligence was 18 (limit:18). Your wisdom was 14 (limit:18). Your charisma was 8 (limit:18). Final Status: You were not hungry. You were burdened; movement was slightly slowed. You were wielding a club. You were unskilled in club. Final Attributes: You were devoutly aligned. You were telepathic. You were guarded. You are dead. Miscellaneous: You encountered 1 bones level. Total elapsed playing time was 2 hours, 43 minutes and 56 seconds. Major events: Turn 1: breadmaster the lawful human Priestess entered the dungeon 649: attained the rank of Acolyte (level 3) 1661: killed by a little dog Vanquished creatures: a rock piercer a pony 3 floating eyes a homunculus a kobold leader a hill orc a werejackal 2 acid blobs a large kobold a hobgoblin 3 giant rats a yellow mold a gnome a garter snake a jackal 2 kobolds 3 goblins a grid bug a bat 4 lichens a kobold zombie 3 newts 35 creatures vanquished. No species were genocided or became extinct. Voluntary challenges: You read items or engraved 1 time. You never genocided any monsters. You never polymorphed an object. You never changed form. You never touched an artifact. You used no wishes. You never scared an enemy with impunity. You were celibate. You never generated conflict. Achievement: You attained the rank of Acolyte. Dungeon overview: The Dungeons of Doom: levels 1 to 6 Level 1: A fountain. Level 2: Level 3: Some fountains, a tree. Level 4: An altar to Amaterasu Omikami, a fountain, a tree. Level 5: A fountain. Level 6: <- You were here. Final resting place for you, killed by a little dog, VAmethyst-Val-Dwa-Fem-Law, killed by a spotted jelly. Game over: __________ / \ / REST \ / IN \ / PEACE \ / \ | breadmaster | | 113 Au | | killed by a | | little dog | | | | | | 2023 | *| * * * | * _________)/\\_//(\/(/\)/\//\/|_)_______ Goodbye breadmaster the Priestess... You died in The Dungeons of Doom on dungeon level 6 with 980 points, and 113 pieces of gold, after 1661 moves. You were level 4 with a maximum of 39 hit points when you died.